 Dungeon Crawl Stone Soup version 0.28.0-53-g5a82cb258f (webtiles) character file.

Game seed: 8544698644698292173

1097 Kranky the Twirler (level 8, 0/63 HPs)
             Began as a Gnoll Wanderer on June 24, 2022.
             Slain by a shadow (7 damage)
             ... on level 5 of the Dungeon.
             The game lasted 00:11:00 (5835 turns).

Kranky the Twirler (Gnoll Wanderer)                 Turns: 5835, Time: 00:11:00

Health: 0/63       AC: 11    Str: 16    XL:     8   Next: 31%
Magic:  14/14      EV:  5    Int: 11    God:
Gold:   202        SH:  0    Dex: 14    Spells: 15/15 levels left

rFire   . . .      SeeInvis .   r - +3 flail "Peurouso" {vorpal, rElec rCorr Dex+4}
rCold   . . .      Faith    .   (no shield)
rNeg    . . .      Spirit   .   v - +0 plate armour
rPois   +          Reflect  .   (no helmet)
rElec   +          Harm     .   d - scarf {repulsion}
rCorr   +          Rampage  .   (no gloves)
Will    .....                   (no boots)
Stlth   ..........              (no amulet)
HPRegen 0.20/turn               l - ring of poison resistance
MPRegen 0.14/turn               (no ring)

@: repel missiles
A: fangs 1, strong nose, distributed training
a: no special abilities


You were on level 5 of the Dungeon.
You visited 2 branches of the dungeon, and saw 6 of its levels.

You collected 202 gold pieces.

Inventory:

Hand Weapons
 r - the +3 flail "Peurouso" (weapon) {vorpal, rElec rCorr Dex+4}
   (You found it on level 3 of the Dungeon)

   It inflicts extra damage upon your enemies.
   Dex:       It affects your dexterity (+4).
   rElec:     It insulates you from electricity.
   rCorr:     It protects you from acid and corrosion.
 y - the +5 rapier of World Downfall {vorpal, Fly Int+4 Dex-5 SInv}
   (You found it on level 5 of the Dungeon)

   It inflicts extra damage upon your enemies.
   Int:       It affects your intelligence (+4).
   Dex:       It affects your dexterity (-5).
   SInv:      It lets you see invisible.
   Fly:       It grants you flight.
Missiles
 m - 6 poisoned darts (quivered)
Armour
 d - a scarf of repulsion (worn)
 v - a +0 plate armour (worn)
Jewellery
 l - a ring of poison resistance (left hand)
Wands
 a - a wand of digging (5)
Scrolls
 f - a scroll of fear
 h - a scroll of noise {unknown}
 k - a scroll of magic mapping {unknown}
 q - a scroll of amnesia {unknown}
 w - a scroll of fog
Potions
 e - 2 potions of attraction
 g - a potion of haste
 j - a potion of degeneration
 n - a potion of lignification {unknown}
 o - a potion of magic {unknown}
 s - a potion of heal wounds
 t - a potion of brilliance {unknown}


   Skills:
 + Level 5.6 Fighting
 + Level 3.1 Short Blades
 + Level 3.1 Long Blades
 + Level 3.1 Axes
 + Level 3.1 Maces & Flails
 + Level 7.3 Polearms
 + Level 7.3 Staves
 + Level 3.1 Slings
 + Level 3.1 Bows
 + Level 3.1 Crossbows
 + Level 3.1 Throwing
 + Level 4.1 Armour
 + Level 3.1 Dodging
 + Level 3.1 Stealth
 + Level 3.1 Shields
 + Level 3.1 Unarmed Combat
 + Level 4.3 Spellcasting
 + Level 2.5 Conjurations
 + Level 2.5 Hexes
 + Level 2.5 Summonings
 + Level 2.5 Necromancy
 + Level 2.5 Translocations
 + Level 2.5 Transmutations
 + Level 2.5 Fire Magic
 + Level 2.5 Ice Magic
 + Level 2.5 Air Magic
 + Level 2.5 Earth Magic
 + Level 2.5 Poison Magic
 + Level 3.5 Invocations
 + Level 3.1 Evocations


You had 15 spell levels left.
You didn't know any spells.
Your spell library contained the following spells:

 Spells                   Type           Power      Damage    Failure   Level
 Freeze                   Ice            32%        1d5       99%         1
 Frozen Ramparts          Ice            16%        1d3       100%        3
 Hailstorm                Conj/Ice       8%         3d4       100%        4


Dungeon Overview and Level Annotations

Branches:
Dungeon (5/15)             Temple (1/1) D:4

Altars:
Ashenzari
Elyvilon
Gozag
Hepliaklqana
Kikubaaqudgha
Makhleb
Nemelex Xobeh
Qazlal
Sif Muna
Trog
Uskayaw
Wu Jian
Xom
Yredelemnul
Zin
The Shining One


Innate Abilities, Weirdness & Mutations

You have very sharp teeth.
Your uncanny sense of smell can sniff out nearby items.
Your experience applies equally to all skills.


Message History

The jelly hits you but does no damage.
You closely miss something. The gnoll barely misses you.
The gnoll hits you but does no damage.
The shadow strikes at you from the darkness!
* * * LOW HITPOINT WARNING * * *
Reactivating autopickup.
The jelly hits you but does no damage. The shadow hits you.
The shadow slips into darkness.
The shadow flickers and vanishes!
Deactivating autopickup; reactivate with Ctrl-A.
The gnoll hits you with a +0 whip.
* * * LOW HITPOINT WARNING * * *
You feel much better. The gnoll barely misses you.
The gnoll hits you but does no damage.
You sock the gnoll!
The gnoll is almost dead.
The gnoll hits you with a +0 whip. The gnoll hits you but does no damage.
You hit the gnoll.
You kill the gnoll!
You closely miss something.
The shadow strikes at you from the darkness!
Reactivating autopickup.
The shadow hits you.
* * * LOW HITPOINT WARNING * * *
The gnoll shaman calls upon its god to speed up something.
You hit the shadow. Your bite misses the shadow.
The shadow is severely damaged.
The shadow slips into darkness.
The shadow flickers and vanishes!
Deactivating autopickup; reactivate with Ctrl-A.
You barely miss something.
The shadow strikes at you from the darkness!
Reactivating autopickup.
You hit the shadow.
The shadow is almost destroyed.
The shadow hits you!
* * * LOW HITPOINT WARNING * * *
The shadow hits you!
You die...

##.....##
#..........
#.......#
##........#
#.......#
#.......##
#.......# #.#....##
##.....## #)#....#
# ##...s##
#)#....### ####..##
#.#..#.... ##.J####
##†#..#.### #ggW@.#
##..>....# #§###.#
#..##.>#.#
#§§##.####..##<.#.#
##
##J{#§#.....##..#.#
..#
#§§J§§(.###.##..#.#
#.# ##§#§#§### #.##
#.# #.# #..#.#.#
#.# #.#
##.##.#.#####.# #.#
###g.##.#..##...#


You could see a shadow, a gnoll shaman, a scorpion, a jelly and a gnoll.

Vanquished Creatures
  Grinder (D:4)
  Sigmund (D:4)
  An orc warrior (D:3)
  An ogre (D:4)
  A scorpion (D:4)
  A bullfrog zombie (D:5)
  A bullfrog skeleton (D:4)
  An orc priest (D:5)
  A scorpion zombie (D:5)
  2 iguanas
  5 orc wizards
  5 gnolls
  7 adders
  2 worms (D:2)
  3 dart slugs
  9 orcs
  3 bat zombies (D:5)
  4 endoplasms
  2 giant cockroaches (D:1)
  7 goblins
  9 hobgoblins
  4 jackals (D:4)
  5 kobolds
  6 quokkas
  8 ball pythons
  3 bats
  A frilled lizard (D:3)
  5 rats
  2 rat zombies (D:5)
101 creatures vanquished.

Vanquished Creatures (others)
  An orc wizard (D:5)
1 creature vanquished.

Grand Total: 102 creatures vanquished

Notes
Turn   | Place    | Note
-------+----------+-------------------------------------------
     0 | D:1      | Kranky the Gnoll Wanderer began the quest for the Orb.
     0 | D:1      | Kranky set off with the following items: a +2 spear, a +0
                  | quarterstaff, a +0 ring mail
     0 | D:1      | Reached XP level 1. HP: 20/20 MP: 4/4
    14 | D:1      | Found a faded altar of an unknown god.
   170 | D:1      | Reached XP level 2. HP: 26/26 MP: 5/5
   751 | D:1      | Reached XP level 3. HP: 31/31 MP: 7/7
  1288 | D:2      | Reached skill level 1 in Invocations
  1613 | D:2      | Reached skill level 1 in Short Blades
  1613 | D:2      | Reached skill level 1 in Long Blades
  1613 | D:2      | Reached skill level 1 in Axes
  1613 | D:2      | Reached skill level 1 in Maces & Flails
  1613 | D:2      | Reached skill level 1 in Slings
  1613 | D:2      | Reached skill level 1 in Bows
  1613 | D:2      | Reached skill level 1 in Crossbows
  1613 | D:2      | Reached skill level 1 in Throwing
  1613 | D:2      | Reached skill level 1 in Dodging
  1613 | D:2      | Reached skill level 1 in Stealth
  1613 | D:2      | Reached skill level 1 in Shields
  1613 | D:2      | Reached skill level 1 in Unarmed Combat
  1613 | D:2      | Reached skill level 1 in Evocations
  1973 | D:2      | Reached XP level 4. HP: 34/38 MP: 8/8
  2478 | D:3      | Identified the +3 flail "Peurouso" {vorpal, rElec rCorr
                  | Dex+4}
  2549 | D:3      | Reached skill level 1 in Conjurations
  2549 | D:3      | Reached skill level 1 in Hexes
  2549 | D:3      | Reached skill level 1 in Summonings
  2549 | D:3      | Reached skill level 1 in Necromancy
  2549 | D:3      | Reached skill level 1 in Translocations
  2549 | D:3      | Reached skill level 1 in Transmutations
  2549 | D:3      | Reached skill level 1 in Fire Magic
  2549 | D:3      | Reached skill level 1 in Ice Magic
  2549 | D:3      | Reached skill level 1 in Air Magic
  2549 | D:3      | Reached skill level 1 in Earth Magic
  2549 | D:3      | Reached skill level 1 in Poison Magic
  2567 | D:3      | Reached XP level 5. HP: 16/43 MP: 9/9
  3291 | D:3      | Found an opulent altar of Gozag.
  3499 | D:3      | Found a sparkling altar of Nemelex Xobeh.
  3710 | D:4      | Reached XP level 6. HP: 36/50 MP: 10/10
  3833 | D:4      | Found a staircase to the Ecumenical Temple.
  3833 | D:4      | Noticed Sigmund
  3848 | D:4      | Killed Sigmund
  3849 | D:4      | Reached skill level 5 in Fighting
  3904 | Temple   | Entered the Ecumenical Temple
  4102 | D:4      | Reached XP level 7. HP: 36/56 MP: 12/12
  4366 | D:4      | Found a burning altar of Makhleb.
  4366 | D:4      | Found a broken altar of Ashenzari.
  4420 | D:4      | Noticed Grinder
  4428 | D:4      | Killed Grinder
  4593 | D:4      | Found a glowing golden altar of the Shining One.
  4985 | D:3      | Reached XP level 8. HP: 61/63 MP: 14/14
  5267 | D:5      | Entered Level 5 of the Dungeon
  5636 | D:5      | Found an ornate altar of the Wu Jian Council.
  5659 | D:5      | Identified the +5 rapier of World Downfall {vorpal, Fly
                  | Int+4 Dex-5 SInv}
  5766 | D:5      | Found an ancient bone altar of Kikubaaqudgha.
  5814 | D:5      | Noticed a shadow
  5835 | D:5      | Slain by a shadow

Illustrated notes

Levels and vault maps discovered:
D:1:      lemuel_arrival_hallway, layout_loops_corners,
          hellmonk_ecumenical_altar_crossroads
D:2:      layout_loops_ring, minivault_4
D:3:      layout_basic, mainiacjoe_overflow_boulevard, lemuel_round_altar,
          amcnicky_mini_rare_corridor_liquid, st_stairs_3,
          kennysheep_generic_room_16
D:4:      layout_cave_pools, nicolae_tso_carved_into_rock,
          gammafunk_temple_overflow_wave, minmay_temple_entry_grid,
          uniq_sigmund, uniq_grinder
D:5:      layout_rooms, lemuel_zombie_altar_kikubaaqudgha,
          nicolae_overflow_hidden_temple
Temple:   chequers_temple_sunken

Skill      XL: |  1  2  3  4  5  6  7  8 |
---------------+-------------------------+-----
Invocations    | 1 2 3 |  3.5
Short Blades   | 1 2 3 |  3.1
Long Blades    | 1 2 3 |  3.1
Axes           | 1 2 3 |  3.1
Maces & Flails | 1 2 3 |  3.1
Slings         | 1 2 3 |  3.1
Bows           | 1 2 3 |  3.1
Crossbows      | 1 2 3 |  3.1
Throwing       | 1 2 3 |  3.1
Dodging        | 1 2 3 |  3.1
Stealth        | 1 2 3 |  3.1
Shields        | 1 2 3 |  3.1
Unarmed Combat | 1 2 3 |  3.1
Evocations     | 1 2 3 |  3.1
Spellcasting   | 3 4 |  4.3
Conjurations   | 1 2 |  2.5
Hexes          | 1 2 |  2.5
Summonings     | 1 2 |  2.5
Necromancy     | 1 2 |  2.5
Translocations | 1 2 |  2.5
Transmutations | 1 2 |  2.5
Fire Magic     | 1 2 |  2.5
Ice Magic      | 1 2 |  2.5
Air Magic      | 1 2 |  2.5
Earth Magic    | 1 2 |  2.5
Poison Magic   | 1 2 |  2.5
Armour         | 3 4 |  4.1
Fighting       | 5 |  5.6
Polearms       | 7 |  7.3
Staves         | 7 |  7.3

Action                   |  1- 3 |  4- 6 |  7- 9 || total
-------------------------+-------+-------+-------++-------
Melee: Spear             |    35 |       |       ||    35
       Dagger            |   113 |    22 |       ||   135
       Bite              |    13 |     8 |     8 ||    29
       Punch             |     2 |     1 |     2 ||     5
       Flail             |       |    74 |   129 ||   203
  Use: Scroll            |       |     3 |     4 ||     7
       Potion            |       |     1 |     1 ||     2
Armor: Ring mail         |    42 |       |       ||    42
       Scale mail        |     2 |    41 |     4 ||    47
       Plate armour      |       |       |    88 ||    88
Dodge: Dodged            |    47 |    41 |    38 ||   126
